 Dungeon Crawl Stone Soup version 0.28.0-53-g5a82cb258f (webtiles) character file.

Game seed: 17496700105237741046

74 moldycheese5 the Conjurer (level 4, 0/24 HPs)
             Began as a Deep Elf Conjurer on June 17, 2022.
             Slain by an adder (3 damage)
             ... on level 3 of the Dungeon.
             The game lasted 00:04:19 (1782 turns).

moldycheese5 the Conjurer (Deep Elf Conjurer)       Turns: 1782, Time: 00:04:20

Health: 0/24       AC:  2    Str:  6    XL:     4   Next: 10%
Magic:  7/11       EV:  9    Int: 29    God:
Gold:   38         SH:  0    Dex: 13    Spells: 9/10 levels left

rFire   . . .      SeeInvis .   (no weapon)
rCold   . . .      Faith    .   (no shield)
rNeg    . . .      Spirit   .   a - +0 robe
rPois   .          Reflect  .   (no helmet)
rElec   .          Harm     .   (no cloak)
rCorr   .          Rampage  .   (no gloves)
Will    .....                   (no boots)
Stlth   ++........              (no amulet)
HPRegen 0.08/turn               g - +6 ring of intelligence
MPRegen 0.12/turn               (no ring)

@: constricted
A: no striking features
a: no special abilities


You were on level 3 of the Dungeon.
You visited 1 branch of the dungeon, and saw 3 of its levels.

You collected 38 gold pieces.

Inventory:

Armour
 a - a +0 robe (worn)
Jewellery
 g - a +6 ring of intelligence (left hand)
Scrolls
 b - a scroll of teleportation {unknown}
 d - a scroll of enchant armour {unknown}
 h - a scroll of magic mapping {unknown}
 j - 2 scrolls of fog {unknown}
 k - a scroll of summoning {unknown}
Potions
 c - a potion of magic {unknown}
 e - a potion of mutation {unknown}
 f - a potion of brilliance {unknown}
 i - a potion of heal wounds {unknown}
 l - a potion of curing {unknown}


   Skills:
 + Level 2.7 Dodging
 + Level 2.7 Stealth
 + Level 3.8 Spellcasting
 + Level 5.6 Conjurations


You had 9 spell levels left.
You knew the following spells:

 Your Spells              Type           Power      Damage    Failure   Level
a - Magic Dart            Conj           100%       1d8       1%          1

Your spell library contained the following spells:

 Spells                   Type           Power      Damage    Failure   Level
 Searing Ray              Conj           76%        2d7       1%          2
 Animate Skeleton         Necr           10%        N/A       7%          1
 Pain                     Necr           20%        1d5       7%          1
 Dazzling Flash           Conj/Hex       42%        N/A       7%          3
 Gell's Gravitas          Tloc           5%         N/A       22%         3
 Lesser Beckoning         Tloc           5%         N/A       22%         3
 Teleport Other           Tloc           5%         N/A       22%         3
 Vampiric Draining        Necr           5%         2d6       22%         3
 Fulminant Prism          Conj/Hex       10%        3d9       22%         4
 Iskenderun's Mystic Bla  Conj/Tloc      21%        2d6       22%         4


Dungeon Overview and Level Annotations

Branches:
Dungeon (3/15)

Altars:


Message History

You are too injured to fight recklessly!
You are too injured to fight recklessly!
Aiming: Magic Dart (safe; 1% risk of failure)
Press: ? - help, Q - select action Shift-Dir - straight line, f/p - orc
Aim: an orc, wielding a +0 dagger and wearing a +0 scale mail (100% to hit)
The magic dart hits the orc.
The orc is moderately wounded.
You don't have enough magic to cast this spell.
You hit the orc but do no damage.
The orc is moderately wounded.
The orc completely misses you.
You don't have enough magic to cast this spell.
You hit the orc but do no damage.
The orc is moderately wounded.
The orc misses you. The orc hits you with a +0 dagger.
* * * LOW HITPOINT WARNING * * *
The orc hits you with a +0 dagger.
* * * LOW HITPOINT WARNING * * *
A worm comes into view.
The rat twitches its whiskers.
A kobold comes into view.
It is wielding a +0 short sword and quivering poisoned darts.
Found a blue potion.
There is an open door here.
As you open the door, it creaks loudly!
You hear an angry hiss.
The orc hits you with a +0 hand axe.
* * * LOW HITPOINT WARNING * * *
A ball python comes into view.
There is an open door here. 2 adders come into view.
The ball python misses you. The ball python barely misses you.
The ball python bites you.
* * * LOW HITPOINT WARNING * * *
The ball python closely misses you.
You hit the adder but do no damage. The adder barely misses you.
The ball python closely misses you. The ball python grabs you.
The ball python constricts you.
* * * LOW HITPOINT WARNING * * *
The orc completely misses you.
You hit the adder but do no damage. The adder bites you.
You die...

#... .....# # ##.. ##
#.#..# #.#... ###. #
#..... .... ###... #.#
#.... #.###.oo##
....#.... #.....###
......####.##..r###
#SSS.....##.### #@#
#...### ##o## ##....###
##.r.## #......##
##.....## #........
##.!.....## #..###.#. #
#.........####........
..+....o....+...........
.......w....####...#####
..##.......## ##..#


You could see a worm, 2 adders, 2 orcs, a ball python and a rat.

Vanquished Creatures
  An orc wizard (D:3)
  A worm (D:2)
  A dart slug (D:1)
  An orc (D:3)
  3 giant cockroaches (D:1)
  9 hobgoblins
  7 kobolds
  A quokka (D:1)
  3 ball pythons
  2 bats (D:1)
  3 frilled lizards
  5 goblins
  2 rats
39 creatures vanquished.

Notes
Turn   | Place    | Note
-------+----------+-------------------------------------------
     0 | D:1      | moldycheese5 the Deep Elf Conjurer began the quest for the
                  | Orb.
     0 | D:1      | Reached XP level 1. HP: 10/10 MP: 6/6
   255 | D:1      | Reached XP level 2. HP: 15/15 MP: 4/8
   420 | D:1      | Reached skill level 5 in Conjurations
   763 | D:2      | Reached XP level 3. HP: 19/19 MP: 7/9
  1720 | D:3      | Reached XP level 4. HP: 13/24 MP: 3/11
  1782 | D:3      | Slain by an adder

Illustrated notes

Levels and vault maps discovered:
D:1:      minmay_arrival_three_doors, layout_basic, minmay_ruptured
D:2:      layout_loops_cross
D:3:      layout_loops_corners, okawaru_trees_2, serial_shops,
          nicolae_lakefront_shop, minmay_unequal

Skill      XL: |  1  2 |
---------------+-------+-----
Conjurations   | 5 |  5.6
Dodging        | |  2.7
Stealth        | |  2.7
Spellcasting   | |  3.8

Action                   |  1- 3 |  4- 6 || total
-------------------------+-------+-------++-------
Melee: Unarmed           |       |     4 ||     4
 Cast: Magic Dart        |    75 |     4 ||    79
Armor: Robe              |       |     1 ||     1
Dodge: Dodged            |     3 |     8 ||    11
